Map: Bel'Shir Vestige LE (Void)

Players

TRUE - Winner!

  • Race: Zerg Zerg
  • Spawn Location: 11:00

Nerchio

  • Race: Zerg Zerg
  • Spawn Location: 5:00

Event: IEM XI Katowice - World Championship 2017

VOD

Have the link to the VOD?

Description

Time

  • Played on: March 2, 2017, 11:27 p.m.
  • Length: 11:42

All games in this series

Show
View Real Time Build Order
Export as new Build Order

TRUE Zerg - Winner!

Build Orders: Hatch First 

Get SALT Encoding   

  12  0:00  Drone  
  13  0:12  Overlord  
  13  0:16  Drone  
  14  0:31  Drone x2  
  14  0:34  Drone  
  17  0:52  Hatchery  
  16  0:57  Drone  
  17  1:08  Spawning Pool  
  16  1:11  Extractor  
  16  1:12  Drone  
  16  1:15  Drone  
  17  1:19  Drone  
  18  1:28  Drone  
  19  1:38  Overlord  
  19  1:54  Queen  
  21  2:05  Queen  
  23  2:11  Drone x3  
  23  2:12  Drone  
  23  2:13  Metabolic Boost  
  23  2:15  Drone  
  28  2:23  Drone  
  28  2:26  Drone  
  30  2:30  Queen  
  30  2:34  Baneling Nest  
  31  2:40  Drone x2  
  31  2:44  Overlord  
  33  2:47  Zergling x2  
  34  2:54  Zergling x2  
  35  3:06  Zergling x2  
  36  3:24  Hatchery, Drone x7  
  42  3:29  Overlord  
  42  3:36  Zergling x2  
  42  3:39  Overlord  
  43  3:41  Zergling x2  
  43  3:42  Overlord  
  43  3:45  Overlord  
  43  3:47  Overlord  
  43  3:48  Zergling x2  
  45  3:53  Overlord  
  45  3:57  Overlord  
  45  4:01  Baneling x4  
  45  4:02  Zergling x2  
  46  4:03  Zergling x2  
  46  4:10  Zergling x2  
  46  4:14  Baneling  
  46  4:16  Zergling x2  
  48  4:20  Roach Warren  
  48  4:21  Zergling x6, Baneling x2, Extractor  
  49  4:24  Zergling x2  
  49  4:28  Zergling x6  
  53  4:32  Zergling x2  
  53  4:37  Zergling x2  
  55  4:39  Zergling x2  
  56  4:45  Zergling x2  
  56  4:48  Zergling x2  
  56  4:49  Zergling x6  
  56  4:50  Zergling x2  
  59  4:54  Zergling x6  
  59  4:55  Zergling x2  
  61  5:06  Roach x3  
  65  5:08  Roach  
  65  5:12  Baneling  
  65  5:13  Roach  
  69  5:17  Roach  
  69  5:19  Roach  
  73  5:23  Roach  
  73  5:27  Overlord  
  77  5:32  Overlord  
  77  5:35  Roach x2  
  81  5:38  Roach  
  81  5:40  Overlord  
  83  5:46  Overlord  
  83  5:49  Roach  
  83  5:52  Baneling  
  83  5:53  Baneling x3  
  83  5:55  Drone x2  
  83  5:56  Roach x2  
  86  5:58  Roach  
  86  6:03  Roach  
  90  6:08  Overlord, Roach  
  91  6:13  Roach  
  92  6:21  Roach  
  92  6:25  Roach  
  95  6:28  Roach  
  94  6:41  Zergling x2  
  94  6:42  Zergling x16  
  94  6:45  Zergling x2  
  104  6:48  Zergling x2  
  104  6:53  Zergling x2  
  105  6:58  Zergling x2  
  105  6:59  Zergling x2  
  105  7:02  Zergling x2  
  105  7:03  Zergling x2  
  105  7:04  Baneling  
  105  7:05  Baneling x5  
  106  7:15  Zergling x6  
  102  7:16  Zergling x2  
  102  7:17  Zergling x4  
  102  7:19  Zergling x2  
  97  7:29  Zergling x2  
  91  7:32  Zergling x6  
  91  7:33  Zergling x2  
  91  7:34  Zergling x2  
  91  7:36  Zergling x4  
  91  7:38  Zergling x2  
  91  7:40  Zergling x2  
  90  7:44  Zergling x2  
  77  7:58  Zergling x8  
  77  8:02  Zergling x2  
  77  8:05  Queen x2  
  75  8:11  Zergling x2  
  70  8:16  Zergling x6  
  66  8:24  Queen  
  64  8:29  Zergling x4  
  64  8:30  Zergling x2  
  64  8:33  Zergling x2  
  68  8:38  Spore Crawler, Baneling  
  68  8:39  Baneling  
  68  8:40  Queen  
  69  8:42  Spore Crawler  
  59  8:55  Baneling  
  59  8:56  Baneling x2  
  54  9:03  Baneling x4  
  54  9:05  Spore Crawler  
  54  9:07  Baneling x2  
  54  9:08  Baneling x2  
  46  9:15  Queen  
  40  9:33  Drone  
  40  9:34  Drone x5  
  41  9:41  Zergling x2  
  41  9:42  Zergling x2  
  40  9:50  Queen  
  40  9:51  Spore Crawler  
  41  9:53  Zergling x2  
  41  9:57  Zergling x2  
  43  10:00  Zergling x2  
  43  10:04  Zergling x2  
  43  10:06  Baneling  
  40  10:08  Zergling x2  
  40  10:14  Baneling x3  
  41  10:19  Drone x2  
  43  10:24  Baneling  
  43  10:25  Zergling x2  
  43  10:27  Zergling x2  
  39  10:32  Zergling x2  
  39  10:36  Zergling x2  
  39  10:38  Zergling x2  
  39  10:41  Zergling x2  
  32  10:58  Zergling x10  
  32  11:01  Zergling x2  
  38  11:05  Zergling x2  
  39  11:11  Drone x2  
  40  11:22  Drone x2  
Show
View Real Time Build Order
Export as new Build Order

Nerchio Zerg 

Build Orders: Pool First 

Get SALT Encoding   

  12  0:00  Drone  
  13  0:12  Overlord  
  13  0:17  Drone  
  14  0:30  Drone x2  
  14  0:34  Drone  
  17  0:44  Spawning Pool  
  17  0:46  Drone  
  17  0:56  Drone  
  18  1:13  Hatchery  
  18  1:14  Extractor  
  18  1:15  Drone  
  17  1:18  Drone  
  18  1:30  Queen  
  18  1:31  Zergling x2  
  21  1:38  Overlord  
  21  1:50  Drone  
  22  2:00  Drone  
  23  2:06  Queen  
  25  2:11  Drone  
  25  2:14  Metabolic Boost  
  26  2:22  Drone  
  27  2:24  Queen  
  27  2:25  Drone  
  30  2:32  Drone  
  30  2:36  Drone  
  32  2:38  Drone x3  
  35  2:45  Baneling Nest  
  35  2:50  Overlord  
  34  2:53  Drone  
  34  2:56  Zergling x2  
  36  3:12  Drone x2  
  37  3:13  Drone x2  
  37  3:17  Zergling x2, Overlord  
  37  3:18  Drone x3  
  43  3:32  Zergling x2  
  44  3:35  Queen  
  44  3:37  Evolution Chamber  
  45  3:44  Zergling x4  
  45  3:45  Baneling x2  
  47  3:54  Drone  
  47  3:55  Drone x3  
  51  3:59  Hatchery, Overlord  
  50  4:03  Zerg Melee Weapons Level 1  
  50  4:05  Drone x2  
  52  4:10  Overlord  
  52  4:11  Extractor  
  51  4:18  Baneling x2  
  51  4:19  Spine Crawler  
  50  4:25  Zergling x12  
  55  4:34  Drone x2  
  55  4:35  Drone x3  
  55  4:37  Drone  
  61  4:42  Lair  
  61  4:44  Extractor, Baneling x2  
  61  4:45  Extractor  
  59  4:48  Drone x2  
  59  4:53  Drone  
  59  4:54  Drone  
  59  4:55  Drone  
  52  5:00  Drone x2  
  52  5:02  Drone  
  52  5:05  Extractor, Drone  
  55  5:07  Drone  
  55  5:09  Drone  
  55  5:11  Drone  
  58  5:17  Baneling x2  
  58  5:18  Drone  
  59  5:21  Drone  
  59  5:24  Baneling x3  
  60  5:29  Zergling x2  
  60  5:30  Evolution Chamber  
  60  5:31  Baneling x3  
  60  5:33  Zergling x2  
  61  5:35  Spine Crawler  
  61  5:36  Zergling x2  
  61  5:44  Drone  
  61  5:45  Drone  
  61  5:46  Drone x2  
  61  5:48  Drone x3  
  68  5:50  Drone  
  68  5:57  Spire, Drone  
  68  6:07  Spine Crawler  
  68  6:09  Spine Crawler  
  68  6:10  Drone x3  
  69  6:12  Drone  
  69  6:14  Drone  
  67  6:26  Spine Crawler x2  
  67  6:28  Spine Crawler  
  67  6:30  Spine Crawler  
  59  6:44  Zergling x4  
  59  6:45  Zergling x2  
  62  6:48  Spine Crawler x3  
  62  6:49  Evolution Chamber  
  57  7:09  Mutalisk x6, Zerg Flyer Weapons Level 1, Baneling x2  
  57  7:10  Mutalisk  
  70  7:16  Zergling x2  
  70  7:17  Zergling x6  
  70  7:19  Mutalisk  
  74  7:28  Zergling x2  
  74  7:30  Mutalisk  
  74  7:32  Spine Crawler  
  67  7:39  Spine Crawler  
  67  7:41  Mutalisk  
  65  7:50  Zergling x2  
  65  7:51  Zergling x2  
  54  8:04  Drone  
  54  8:05  Drone  
  54  8:08  Drone  
  53  8:25  Baneling x3  
  53  8:26  Baneling  
  53  8:29  Zergling x6  
  55  8:39  Zergling x2  
  57  8:41  Zergling x2  
  56  8:52  Overlord  
  49  9:06  Zergling x2  
  50  9:17  Zergling x2  
  33  9:40  Zergling x4  
  33  9:43  Spine Crawler  
  33  9:44  Zergling x2  
  35  9:57  Zergling x2  
  37  10:07  Zergling x2  
  37  10:08  Queen  
  39  10:18  Mutalisk  
  36  10:33  Zergling x2  
  36  10:41  Zergling x2  
  28  10:51  Drone  
  28  11:06  Drone  
  29  11:12  Zergling x2  
  30  11:22  Spine Crawler  

Tags
 
Add a new tag
Caveats
  • Supply blocks, unpowered buildings, or Contaminate may cause inaccurate times.
  • Supply counts are checked every 10 seconds.